Selects Luftwaffe Battlegroup
Selects Luftwaffe Pioneer Support
Fallschirmpioneer Squad Paradrop
Construct Infanterie Kompanie
Fallschirmpioneer Squad Paradrop
Fallschirmpioneer Squad Paradrop
Selects Stuka Strafing Run
Fallschirmpioneer Squad Paradrop
Construct Panzergrenadier Kompanie
Pak 40 Anti-tank Gun Team
Fallschirmpioneer Squad Paradrop
Fallschirmpioneer Squad Paradrop
Selects Fallschirmjäger Squad Paradrop
Pak 40 Anti-tank Gun Team
Selects Fallschirmjäger Squad Paradrop
Construct Panzer Kompanie